cohdb
Replays
Latest Replays
All Replays
Popular Replays
Top Player Replays
Match Explorer
How It Works
Community
CoH3 Stats
Reddit
Sign in to upload your games and track your stats! →
Sign in with Steam
Match 25374191
Unlisted
Match 25374191
Overview
Messages
Build Orders
End
Selects Armored Support Battlegroup
Panzergrenadier Squad
250 Light Carrier
Panzergrenadier Squad
Construct Light Support Kompanie
MG34 Team
Fire Support Elements
2.5-tonne Medical Truck
Selects Veteran Gunners
Flakvierling Half-track
Pak 38 Mechanized Group
Veteran Squad Leaders
Selects Vehicle Awareness
Panzergrenadier Squad
MG34 Team
Combat Half-tracks
2.5-tonne Medical Truck
Selects Panzer Storm
le.IG 18 Mechanized Group
Selects Stuka Dive Bomb
Flakvierling Half-track
Stuka Dive Bomb
Pak 38 Mechanized Group
Selects Flammpanzer III Medium Tank Sd.Kfz. 141
Construct Panzerarmee Kommand
Tungsten Core Ammunition
余寶
★CSKA★ nsRED Slovakia
killmars000
Ciaran
paul4625
恍神
高磊
TidaL
0
0
Comments
sign in to comment!
No comments posted yet!